 Dungeon Crawl Stone Soup version 0.27-a0-819-g058290f16d (webtiles) character file.

Game seed: 156879144267133212

79 marklar909 the Magician (level 4, 0/34 HPs)
             Began as a Palentonga Hedge Wizard on Mar 29, 2021.
             Slain by a hound (3 damage)
             ... on level 3 of the Dungeon.
             The game lasted 00:06:52 (3908 turns).

marklar909 the Magician (Palentonga Hedge Wizard)   Turns: 3908, Time: 00:06:53

Health: 0/34       AC:  4    Str: 13    XL:     4   Next: 17%
Magic:  4/9        EV: 10    Int: 16    God:
Gold:   99         SH:  0    Dex:  9    Spells: 3/10 levels left

rFire    . . .     SeeInvis +   a - +0 dagger
rCold    . . .     Faith    .   (no shield)
rNeg     . . .     Spirit   .   b - +0 robe
rPois    .         Reflect  .   c - +0 hat
rElec    .         Harm     .   (no cloak)
rCorr    .         Rampage  .   (no gloves)
Will     .....                  (no barding)
Stlth    +.........             (no amulet)
HPRegen  0.11/turn              (no ring)
MPRegen  0.11/turn              (no ring)

@: no status effects
A: large, rugged brown scales 3, see invisible, deformed body, roll 1, armoured
tail
a: Rolling Charge


You were on level 3 of the Dungeon.
You visited 1 branch of the dungeon, and saw 3 of its levels.

You collected 99 gold pieces.

Inventory:

Hand Weapons
 a - a +0 dagger (weapon)
 l - a +0 vampiric whip
Armour
 b - a +0 robe (worn)
 c - a +0 hat (worn)
Jewellery
 e - a ring of see invisible
Scrolls
 d - a scroll of teleportation {unknown}
 g - a scroll of noise {unknown}
 i - 2 scrolls of identify {unknown}
 k - a scroll of fog {unknown}
 m - a scroll of enchant armour {unknown}
 n - a scroll of immolation {unknown}
 o - a scroll of enchant weapon {unknown}
Potions
 f - a potion of ambrosia {unknown}
 h - a potion of haste {unknown}
 j - 2 potions of lignification {unknown}


   Skills:
 + Level 1.2 Fighting
 + Level 1.0 Short Blades
 + Level 2.2 Dodging
 + Level 1.4 Stealth
 + Level 3.6 Spellcasting
 + Level 1.1 Conjurations
 + Level 1.0 Summonings
 + Level 1.0 Translocations


You had 3 spell levels left.
You knew the following spells:

 Your Spells              Type           Power      Damage    Failure   Level
a - Magic Dart            Conj           24%        1d4       11%         1
b - Blink                 Tloc           N/A        N/A       17%         2
c - Call Imp              Summ           6%         N/A       17%         2
d - Slow                  Hex            2%         N/A       26%         2

Your spell library contained the following spells:

 Spells                   Type           Power      Damage    Failure   Level
 Conjure Flame            Conj/Fire      4%         6-21      38%         3
 Mephitic Cloud           Conj/Pois/Air  4%         N/A       41%         3


Dungeon Overview and Level Annotations

Branches:
Dungeon (3/15)

Altars:

Shops:
D:1 ?


Innate Abilities, Weirdness & Mutations

You are completely covered in rugged brown scales. (AC +3, +7% HP)
You have supernaturally acute eyesight. (SInv)
Armour fits poorly on your strangely shaped body.
You can roll at nearby foes to attack.
You have a long armoured tail.


Message History

The kobold barely misses you.
You closely miss the hound.
Your tail-slap misses the hound.
The hound is heavily wounded.
The hound stops to sniff the ground.
The hound barely misses you.
Your crimson imp hits the hound.
The kobold hits you but does no damage. The hound bites you.
You closely miss the hound.
The hound is severely wounded.
Your crimson imp closely misses the hound.
The hound barely misses you.
The kobold hits you with a +0 short sword.
You barely miss the hound.
The hound is severely wounded.
The hound closely misses you.
Your crimson imp barely misses the hound.
The kobold hits you with a +0 short sword.
The hound bites you.
* * * LOW HITPOINT WARNING * * *
Your crimson imp closely misses the hound.
Your crimson imp completely misses the hound.
The hound bites you but does no damage.
Your crimson imp blinks!
Casting: Call Imp (safe; 17% risk of failure)
Confirm with . or Enter, or press ? or * to list all spells.
You blink.
Your crimson imp closely misses the hound.
Your crimson imp hits the hound.
The hound barely misses you.
Casting: Blink (safe; 17% risk of failure)
Confirm with . or Enter, or press ? or * to list all spells.
A beastly little devil appears in a puff of flame.
The hound barely misses you.
The kobold throws a stone.
The stone hits your crimson imp. The hound bites you.
* * * LOW HITPOINT WARNING * * *
Your crimson imp disappears in a puff of smoke!
The hound bites you.
* * * LOW HITPOINT WARNING * * *
Your crimson imp closely misses the hound.
The hound bites you.
You die...

#.##.##.<..####.#
#...............#
####.##.######..# ..
#.##.######..### #.#
#.#............... ..#
#.#.)######.##.#.# #..
#####.........#.##.#.# #.#
................##.#.####.#
#######..####@####.#....#.####
#..# #h####....#.....>#
#..####5.§§K..#........#
###..##...####.....#......
#.......#..........#.....#
#.#.###...####....##.....#
#.#.####.....(...######### .
#............### ##
##############


You could see a hound (ally target) and a friendly crimson imp (summoned).

Vanquished Creatures
  2 adders
  4 ball pythons
  3 bats
  2 endoplasms
  5 giant cockroaches
  5 goblins
  3 hobgoblins
  9 jackals
  A quokka (D:1)
  3 frilled lizards
  6 kobolds
  5 rats
48 creatures vanquished.

Vanquished Creatures (collateral kills)
  An adder (D:3)
  An endoplasm (D:3)
  A jackal (D:1)
  2 ball pythons (D:1)
  A kobold (D:1)
6 creatures vanquished.

Grand Total: 54 creatures vanquished

Notes
Turn   | Place    | Note
-------+----------+-------------------------------------------
     0 | D:1      | marklar909 the Palentonga Hedge Wizard began the quest for
                  | the Orb.
     0 | D:1      | Reached XP level 1. HP: 13/13 MP: 4/4
   147 | D:1      | Reached XP level 2. HP: 9/20 MP: 0/6
   466 | D:1      | Learned a level 2 spell: Blink
   469 | D:1      | Learned a level 2 spell: Call Imp
   472 | D:1      | Learned a level 2 spell: Slow
  1244 | D:1      | Reached XP level 3. HP: 16/25 MP: 4/8
  1486 | D:1      | Found Goqoim's Magic Scroll Emporium.
  1591 | D:2      | Reached skill level 1 in Conjurations
  2487 | D:2      | Reached skill level 1 in Fighting
  3537 | D:3      | Reached XP level 4. HP: 18/34 MP: 7/9
  3679 | D:3      | Reached skill level 1 in Short Blades
  3754 | D:3      | Reached skill level 1 in Summonings
  3908 | D:3      | Slain by a hound

Illustrated notes

Levels and vault maps discovered:
D:1:      lemuel_arrival_broad_hall, layout_rooms, serial_shops,
          nicolae_shop_stone, corexii_item_surrounded_by_moat
D:2:      layout_basic, serial_glass, glass_columns_c, glass_columns_a,
          kennysheep_generic_room_7
D:3:      layout_loops_ring, lemuel_crystal_altar, fedhas_ov_isle_minmay

Skill      XL: |  1  2  3  4 |
---------------+-------------+-----
Dodging        | 2 |  2.2
Conjurations   | 1 |  1.1
Fighting       | 1 |  1.2
Short Blades   | 1 |  1.0
Summonings     | 1 |  1.0
Stealth        | |  1.4
Spellcasting   | |  3.6
Translocations | |  1.0

Action                   |  1- 3 |  4- 6 || total
-------------------------+-------+-------++-------
Melee: Dagger            |   159 |    18 ||   177
       Tailslap          |    15 |     1 ||    16
 Cast: Magic Dart        |    57 |     5 ||    62
       Call Imp          |     5 |     3 ||     8
       Blink             |     2 |     2 ||     4
 Abil: Rolling Charge    |     9 |     3 ||    12
 Stab: Sleeping          |     1 |       ||     1
Armor: Robe              |    75 |     5 ||    80
Dodge: Dodged            |    87 |    18 ||   105

Table legend: (Time is in decaauts)
 A = Elapsed time spent in this place.
 B = Non-inter-level travel time spent in this place.
 C = Inter-level travel time spent in this place.
 D = Time resting spent in this place.
 E = Time spent auto-exploring this place.
 F = Levels seen in this place.
 G = Mean time per level.
                   A        B        C        D        E       F      G
               +--------+--------+--------+--------+--------+-----+--------+
         Total |   3908 |   3814 |     94 |   1350 |   1797 |   3 | 1302.7 |
       Dungeon |   3908 |   3814 |     94 |   1350 |   1797 |   3 | 1302.7 |
               +--------+--------+--------+--------+--------+-----+--------+

Top non-repeatable levels by time:
     D:1: 2304 daAuts
     D:2: 1011 daAuts
     D:3: 591 daAuts
